Map: Blueshift LE

Players

ƎDǃBee

  • Race: Zerg Zerg
  • League: Grandmaster
  • Spawn Location: 1:00

Krystianer - Winner!

  • Race: Protoss Protoss
  • League: Grandmaster
  • Spawn Location: 7:00

VOD

Have the link to the VOD?

Description

Time

  • Played on: Aug. 27, 2018, 4:14 p.m.
  • Length: 8:13
Show
View Real Time Build Order
Export as new Build Order

ƎDǃBee Zerg 

Build Orders: Pool First 

Get SALT Encoding   

  12  0:00  Drone  
  13  0:12  Overlord  
  13  0:17  Drone  
  14  0:31  Drone x2  
  14  0:34  Drone  
  17  0:44  Spawning Pool  
  17  0:46  Drone  
  17  1:07  Hatchery  
  17  1:08  Extractor  
  15  1:12  Drone  
  15  1:15  Drone  
  18  1:18  Drone  
  18  1:30  Queen  
  18  1:32  Zergling x2  
  21  1:39  Drone  
  22  1:49  Overlord  
  22  2:07  Queen  
  24  2:09  Drone  
  24  2:11  Drone  
  24  2:14  Metabolic Boost  
  26  2:18  Queen  
  26  2:19  Drone  
  26  2:22  Drone  
  30  2:33  Drone  
  30  2:34  Drone  
  31  2:38  Zergling x2  
  31  2:39  Zergling x2  
  31  2:40  Overlord  
  31  2:41  Drone  
  34  2:47  Drone  
  35  2:51  Evolution Chamber  
  34  3:01  Hatchery  
  34  3:04  Drone  
  34  3:08  Zergling x4  
  31  3:23  Drone x4  
  32  3:40  Drone  
  33  3:52  Spore Crawler  
  32  3:59  Drone x2  
  32  4:00  Drone  
  31  4:06  Drone x2  
  31  4:08  Drone  
  34  4:14  Drone  
  34  4:15  Drone  
  36  4:19  Zerg Melee Weapons Level 1  
  36  4:23  Drone  
  36  4:24  Drone  
  38  4:27  Drone  
  38  4:29  Drone  
  39  4:33  Drone x2  
  39  4:36  Drone  
  43  4:38  Drone  
  43  4:42  Drone x2  
  45  4:46  Overlord  
  45  4:50  Overlord  
  45  4:53  Drone x2  
  45  4:57  Overlord  
  47  5:01  Overlord  
  47  5:05  Baneling Nest  
  46  5:07  Spore Crawler  
  46  5:08  Drone  
  46  5:09  Spore Crawler  
  46  5:11  Drone x2  
  47  5:18  Zergling x8  
  51  5:25  Zergling x8  
  51  5:27  Zergling x2  
  56  5:33  Zergling x6  
  56  5:34  Spine Crawler  
  58  5:36  Zergling x2  
  58  5:40  Zergling x6  
  62  5:43  Zergling x4  
  62  5:44  Zergling x2  
  66  5:50  Zergling x8  
  66  5:52  Baneling x3  
  66  5:53  Baneling  
  66  5:55  Zergling x4  
  71  5:59  Zergling x4  
  71  6:01  Zergling x4  
  71  6:03  Zergling x2  
  76  6:05  Zergling x2  
  76  6:06  Baneling x2  
  77  6:12  Zergling x6  
  77  6:14  Zergling x4  
  80  6:21  Zergling x2  
  80  6:22  Zergling x2  
  80  6:24  Zergling x4  
  80  6:26  Zergling x2  
  80  6:28  Baneling x2  
  80  6:29  Baneling  
  80  6:31  Zergling x4  
  76  6:37  Zergling x4  
  76  6:38  Zergling x4  
  76  6:39  Zergling x6  
  72  6:44  Zergling x2  
  71  6:48  Zergling x6  
  71  6:49  Zergling x4  
  76  6:55  Roach Warren  
  76  6:56  Drone x2  
  76  7:00  Drone  
  76  7:01  Drone x2  
  78  7:06  Drone  
  78  7:08  Overlord  
  70  7:13  Overlord  
  69  7:19  Overlord, Queen  
  69  7:20  Queen  
  69  7:21  Queen  
  75  7:23  Baneling x3  
  75  7:24  Baneling x3  
  75  7:29  Zergling x6  
  78  7:32  Zergling x6  
  78  7:34  Zergling x2  
  78  7:36  Zergling x2  
  83  7:40  Zergling x4  
  82  7:47  Zergling x4  
  82  7:48  Zergling x4  
  68  7:52  Zergling x2  
  68  7:53  Zergling x4  
  68  7:54  Zergling x2  
Show
View Real Time Build Order
Export as new Build Order

Krystianer Protoss - Winner!

Build Orders: 1 Gate Expand, Oracle Opening, Zealot Archon 

Get SALT Encoding   

  12  0:00  Probe  
  13  0:12  Probe  
  14  0:17  Pylon  
  14  0:24  Probe  
  15  0:32  Probe  
  15  0:39  Gateway  
  15  0:40  Probe  
  16  0:47  Assimilator  
  17  0:51  Probe  
  18  1:03  Probe  
  19  1:15  Probe  
  20  1:22  Nexus  
  20  1:32  Cybernetics Core  
  20  1:38  Assimilator  
  20  1:41  Probe  
  21  1:48  Pylon  
  21  1:53  Probe  
  22  1:59  Adept  
  22  2:05  Probe  
  25  2:16  Stargate  
  25  2:19  Probe  
  25  2:20  Adept  
  28  2:35  Probe  
  28  2:37  Probe  
  28  2:38  Warp Gate  
  28  2:42  Adept  
  28  2:43  Probe  
  30  2:49  Probe  
  34  2:52  Probe, Oracle  
  38  3:07  Shield Battery, Probe  
  38  3:10  Probe  
  40  3:19  Probe  
  41  3:22  Probe  
  42  3:32  Probe  
  43  3:34  Probe  
  43  3:41  Gateway  
  42  3:42  Probe  
  42  3:44  Probe  
  42  3:49  Robotics Facility  
  42  3:51  Probe  
  42  3:52  Assimilator  
  42  3:53  Assimilator  
  42  3:55  Pylon  
  43  3:56  Probe  
  43  4:00  Probe  
  43  4:02  Phoenix  
  44  4:08  Probe  
  44  4:09  Twilight Council  
  43  4:13  Probe  
  46  4:20  Probe  
  47  4:25  Probe  
  47  4:27  Pylon  
  47  4:29  Charge  
  48  4:40  Gateway  
  48  4:42  Gateway  
  48  4:44  Gateway  
  48  4:45  Gateway  
  48  4:46  Templar Archives  
  48  4:55  Warp Prism  
  50  5:03  Gateway  
  50  5:05  Gateway  
  50  5:13  Zealot  
  50  5:14  Zealot  
  54  5:20  Pylon  
  54  5:28  Pylon  
  54  5:40  High Templar x4  
  54  5:41  Zealot x2  
  66  5:45  Archon x2  
  66  5:49  Pylon  
  66  5:50  Pylon  
  66  6:08  Pylon  
  66  6:12  Zealot x6  
  66  6:13  Zealot x2  
  82  6:19  Pylon  
  82  6:32  Zealot x2  
  84  6:33  Zealot  
  62  6:44  Zealot  
  64  6:48  High Templar x4  
  64  6:53  Archon x2  
  72  6:59  Zealot x3  
  68  7:19  Pylon  
  68  7:21  Zealot, High Templar x4  
  68  7:22  Zealot x3  
  84  7:25  Archon x2  
  84  7:26  Pylon  
  84  7:46  Zealot x4  
  74  7:55  Zealot x4  
Tags
 
Add a new tag
Caveats
  • Supply blocks, unpowered buildings, or Contaminate may cause inaccurate times.
  • Supply counts are checked every 10 seconds.